Map: Lightshade LE

Players

JimRising

  • Race: Zerg Zerg
  • League: Master
  • Spawn Location: 11:00

Erik - Winner!

  • Race: Zerg Zerg
  • Spawn Location: 5:00

Event: DreamHack SC2 Masters 2020 Winter

VOD

Have the link to the VOD?

Description

Time

  • Played on: Oct. 22, 2020, 6 p.m.
  • Length: 8:08

All games in this series

Show
View Real Time Build Order
Export as new Build Order

JimRising Zerg 

Build Orders: Hatch First 

Get SALT Encoding   

  12  0:00  Drone  
  13  0:12  Overlord  
  13  0:17  Drone  
  14  0:30  Drone x2  
  16  0:50  Hatchery  
  16  0:53  Drone  
  16  0:56  Drone  
  17  0:58  Drone  
  18  1:13  Spawning Pool  
  18  1:16  Drone  
  18  1:20  Drone  
  19  1:27  Extractor  
  19  1:32  Drone  
  19  1:40  Overlord  
  19  2:00  Zergling x4  
  19  2:01  Queen  
  21  2:02  Zergling x2  
  26  2:11  Zergling x2  
  26  2:13  Zergling x2  
  28  2:22  Zergling x2  
  29  2:24  Zergling x2  
  27  2:39  Lair  
  27  2:44  Drone x2  
  27  2:51  Hatchery  
  27  2:53  Overlord  
  27  3:02  Extractor  
  26  3:09  Drone x2  
  28  3:13  Drone x3, Metabolic Boost  
  31  3:20  Drone  
  32  3:33  Drone  
  33  3:42  Queen  
  33  3:44  Drone x3  
  33  3:48  Overlord  
  38  3:55  Overlord  
  38  4:03  Overlord  
  37  4:16  Drone x5  
  42  4:21  Drone, Spire  
  42  4:28  Extractor, Zergling x2  
  42  4:35  Zergling x4  
  44  4:49  Drone x3, Extractor  
  44  4:52  Drone x2  
  48  4:53  Drone x3  
  48  4:59  Zergling x2  
  51  5:07  Zergling x4  
  53  5:18  Baneling Nest, Zergling x10  
  57  5:21  Zergling x2  
  57  5:22  Zergling x2  
  57  5:24  Zergling x2  
  57  5:27  Zergling x2  
  60  5:29  Queen, Overlord  
  58  5:42  Mutalisk x2  
  51  5:46  Mutalisk  
  51  5:49  Mutalisk x2  
  59  5:54  Mutalisk x2  
  66  5:57  Zergling x2  
  66  6:00  Mutalisk  
  66  6:02  Baneling  
  68  6:10  Mutalisk  
  68  6:11  Mutalisk  
  64  6:24  Mutalisk  
  52  6:26  Zergling x8  
  52  6:31  Drone  
  53  6:33  Drone  
  54  6:40  Mutalisk  
  54  6:41  Zergling x2  
  57  6:47  Baneling x3  
  57  6:56  Overlord  
  57  6:57  Drone  
  57  6:58  Drone  
  60  7:01  Zergling x4  
  60  7:16  Mutalisk x2  
  60  7:21  Drone, Queen  
  67  7:27  Mutalisk  
  69  7:38  Mutalisk  
  69  7:40  Zergling x2  
  66  7:46  Drone x2  
Show
View Real Time Build Order
Export as new Build Order

Erik Zerg - Winner!

Build Orders: Pool First 

Get SALT Encoding   

  12  0:18  Spawning Pool  
  11  0:22  Drone  
  11  0:26  Drone  
  13  0:31  Drone  
  14  0:42  Overlord  
  14  1:05  Zergling x4  
  14  1:06  Zergling x2  
  17  1:16  Zergling x2  
  18  1:19  Hatchery  
  17  1:27  Zergling x2  
  18  1:33  Queen  
  20  1:41  Zergling x2  
  21  1:50  Overlord  
  21  1:59  Drone  
  22  2:09  Queen  
  22  2:10  Drone  
  25  2:21  Drone  
  25  2:33  Drone  
  25  2:34  Drone  
  27  2:41  Drone  
  27  2:42  Drone x2  
  30  2:44  Extractor  
  30  2:45  Extractor  
  27  2:55  Drone  
  31  3:00  Drone x2  
  31  3:04  Drone  
  34  3:12  Drone x2  
  32  3:16  Drone x4  
  36  3:23  Overlord  
  36  3:28  Evolution Chamber  
  35  3:38  Overlord  
  35  3:41  Queen  
  35  3:43  Drone x3  
  35  3:44  Evolution Chamber  
  39  3:54  Zerg Ground Armor Level 1  
  39  4:01  Metabolic Boost  
  39  4:03  Drone x3  
  39  4:04  Drone  
  43  4:11  Overlord  
  43  4:25  Hatchery  
  43  4:26  Zerg Melee Weapons Level 1  
  42  4:32  Zergling x6  
  42  4:37  Zergling x2  
  42  4:38  Zergling x4  
  48  4:47  Baneling Nest, Zergling x2  
  48  4:48  Zergling x4  
  50  5:00  Zergling x2  
  50  5:01  Zergling x10  
  50  5:02  Zergling x2  
  57  5:10  Overlord  
  57  5:11  Overlord  
  56  5:15  Zergling x2  
  56  5:16  Zergling x4  
  57  5:26  Zergling x6  
  60  5:35  Zergling x4  
  53  5:44  Zergling x8  
  56  5:50  Baneling x8  
  56  5:56  Zergling x4  
  58  5:57  Queen  
  58  5:58  Queen  
  58  6:01  Zergling x2  
  58  6:02  Zergling x2  
  62  6:18  Zergling x8  
  54  6:31  Spore Crawler  
  49  6:32  Queen  
  49  6:33  Queen  
  49  6:34  Spore Crawler  
  49  6:39  Zergling x2  
  53  6:40  Zergling x8  
  55  6:52  Drone x3, Spore Crawler  
  56  7:02  Drone x4, Spore Crawler  
  62  7:08  Drone x3  
  62  7:11  Drone  
  60  7:16  Zergling x4  
  60  7:21  Queen  
  64  7:25  Zergling x2  
  64  7:32  Zergling x2  
  64  7:33  Zergling x2  
  64  7:34  Overlord  
  64  7:35  Overlord  
  65  7:44  Overlord x2  
  65  7:48  Overlord  
Tags
 
Add a new tag
Caveats
  • Supply blocks, unpowered buildings, or Contaminate may cause inaccurate times.
  • Supply counts are checked every 10 seconds.